 Dungeon Crawl Stone Soup version 0.14-a0-2080-ge317583 (webtiles) character file.

153 Jenx the Cudgeler (level 4, -4/33 HPs)
             Began as a Demonspawn Death Knight on Jan 24, 2014.
             Was a Believer of Yredelemnul.
             Slain by a gnoll
             ... wielding a +0,+0 halberd
              (9 damage)
             ... on Level 3 of the Dungeon.
             The game lasted 00:06:00 (2333 turns).

Jenx the Cudgeler (Demonspawn Death Knight)         Turns: 2333, Time: 00:06:00

HP  -4/33        AC  3     Str 13      XL: 4   Next: 43%
MP   7/7         EV 10     Int 14      God: Yredelemnul [**....]
Gold 55          SH  0     Dex 14      Spells:  0 memorised,  3 levels left

rFire  . . .     SeeInvis .     a - +1 mace
rCold  . . .     Clarity  .     b - +0 leather armour
rNeg   . . .     Conserve .     (no shield)
rPois  .         rCorr    .     (no helmet)
rElec  .         rRot     .     (no cloak)
SustAb . .       Spirit   .     (no gloves)
rMut   .         Warding  .     (no boots)
Saprov + . .     Stasis   .     (no amulet)
MR     .....                    (no ring)
                                (no ring)

@: very slightly contaminated, hasted, injury mirror, very quick, not resistant
to hostile enchantments, unstealthy
A: thin skeletal structure 1, saprovore 1
a: Animate Remains, Recall Undead Slaves, Injury Mirror, Renounce Religion


You were on level 3 of the Dungeon.
You worshipped Yredelemnul.
Yredelemnul was pleased with you.
You were hungry.

You visited 1 branch of the dungeon, and saw 3 of its levels.

You collected 55 gold pieces.

Inventory:

Hand weapons
 a - a +1,+1 mace (weapon)
Armour
 b - a +0 leather armour (worn)
Magical devices
 t - a wand of hasting (3)
Comestibles
 c - a bread ration
 h - a chunk of giant cockroach flesh
 i - a meat ration
 n - an apple
 s - a chunk of adder flesh
Scrolls
 e - 5 scrolls of remove curse {unknown}
 m - a scroll of recharging {unknown}
 p - 2 scrolls of identify {unknown}
Jewellery
 f - an uncursed amulet of clarity {unknown}
 l - an uncursed ring of teleport control {unknown}
Potions
 d - 2 potions of confusion {unknown}
 g - a potion of restore abilities {unknown}
 j - a potion of brilliance {unknown}
 k - 2 potions of agility {unknown}
 o - a potion of invisibility {unknown}
 r - 2 potions of heal wounds {unknown}


   Skills:
 - Level 2.0 Fighting
 * Level 4.1 Maces & Flails
 - Level 0.8 Armour
 - Level 0.8 Dodging
 + Level 3.9 Invocations


You had 3 spell levels left.
You didn't know any spells.

Dungeon Overview and Level Annotations

Branches:
Dungeon (3/16)

Altars:
Makhleb
Okawaru
Yredelemnul
Zin


Innate Abilities, Weirdness & Mutations

You have a somewhat thin skeletal structure (Dex +2, Stlth).
You can tolerate rotten meat.


Message History

* * * LOW HITPOINT WARNING * * *
Unknown command.
Use which ability? (? or * to list)
Okay, then.
Unknown command.
Use which ability? (? or * to list)
You offer yourself to Yredelemnul, and fill with unholy energy.
The gnoll unwields an uncursed orcish dagger.
The gnoll drops an uncursed orcish dagger.
The gnoll picks up a halberd.
The gnoll wields a halberd.
The gnoll hits you with a spear.
* * * LOW HITPOINT WARNING * * *
Yredelemnul mirrors your injury!
You kill the gnoll!
Yredelemnul accepts your kill.
You hit the gnoll but do no damage.
The gnoll is lightly wounded.
The gnoll hits you with a halberd!
You die...
Your body rises from the dead as a mindless zombie.

♣#....##....#
♣♣)...##....#
♣♣♣..........#
♣.♣....##....# ♣ .
P♣♣....##....## ♣♣.
♣#....##.....## .♣♣
#....##..P...## #.#
#..###..P)gP..# #.#
#..# #P.P♣@♣P.# #.#
##..# #..♣♣♣...#
#.####...# #PPP♣....#
.........###..P....##
#.####...#.....P..##
#.######.#P♣♣.P.###
....# #...P♣♣♣.#
....####...♣..P.#
.........#.PP..##


You could see a gnoll.

Vanquished Creatures
  2 gnolls (D:3)
  3 adders
  An ooze (D:1)
  A ball python (D:2)
  5 giant cockroaches
  6 goblins
  6 hobgoblins
  7 jackals (D:1)
  5 kobolds
  A quokka (D:2)
  7 bats
  3 giant newts
  7 rats
54 creatures vanquished.

Vanquished Creatures (collateral kills)
  A bat (D:1)
  A hobgoblin (D:1)
2 creatures vanquished.

Vanquished Creatures (others)
  A goblin zombie (D:3)
  3 jackal zombies (D:1)
4 creatures vanquished.

Grand Total: 60 creatures vanquished

Notes
Turn   | Place    | Note
--------------------------------------------------------------
     0 | D:1      | Jenx, the Demonspawn Death Knight, began the quest for the Orb.
     0 | D:1      | Reached XP level 1. HP: 16/16 MP: 2/2
    82 | D:1      | Gained mutation: You have a somewhat thin skeletal structure (Dex +2, Stlth). [demonic ancestry]
    82 | D:1      | Reached XP level 2. HP: 9/22 MP: 4/4
   672 | D:1      | Acquired Yredelemnul's second power
   681 | D:1      | Reached XP level 3. HP: 9/27 MP: 5/5
  1260 | D:2      | Found a burning altar of Makhleb.
  1262 | D:2      | Noticed a green death
  1265 | D:2      | Found a glowing silver altar of Zin.
  1265 | D:2      | Noticed an angel
  1845 | D:2      | Found an iron altar of Okawaru.
  2026 | D:2      | Gained mutation: You can tolerate rotten meat. [demonic ancestry]
  2026 | D:2      | Reached XP level 4. HP: 24/33 MP: 7/7
  2155 | D:3      | Reached skill level 4 in Maces & Flails
  2158 | D:3      | Found a basalt altar of Yredelemnul.
  2333 | D:3      | Slain by a gnoll

Action                   |  1- 3 |  4- 6 || total
-------------------------+-------+-------++-------
Melee: Mace              |   127 |    65 ||   192
Invok: Animate Remains   |     4 |     1 ||     5
       Injury Mirror     |       |     1 ||     1
Evoke: Wand              |       |     2 ||     2
 Stab: Sleeping          |     1 |       ||     1
